 Dungeon Crawl Stone Soup version 0.30-a0-134-gb40fab5c76 (webtiles) character file.

Game seed: 4160400905226598189

6690 juncz the Thaumaturge (level 10, -2/75 HPs)
             Began as a Purple Draconian Ice Elementalist on Sept 19, 2022.
             Slain by a two-headed ogre
             ... wielding a +0 giant spiked club
              (5 damage)
             ... on level 9 of the Dungeon.
             The game lasted 00:42:12 (10167 turns).

juncz the Thaumaturge (DrIE)                       Turns: 10167, Time: 00:42:13

Health: -2/75      AC: 16    Str: 10    XL:     10   Next: 74%
Magic:  10/26      EV: 12    Int: 20    God:
Gold:   340        SH:  0    Dex: 12    Spells: 26/33 levels left

rFire   . . .      SeeInvis .    o - +4 club (spect)
rCold   . . .      Faith    .    (no shield)
rNeg    . . .      Spirit   .    (body armour unavailable)
rPois   .          Reflect  .    (helmet restricted)
rElec   .          Harm     .    (no cloak)
rCorr   .          Rampage  .    (no gloves)
Will    +....                    (no boots)
Stlth   ++........               (no amulet)
HPRegen 0.22/turn                y - ring of wizardry
MPRegen 0.20/turn                (no ring)

@: ice-armoured, freezing walls
A: breathe power, AC +7, unfitting armour, cold-blooded
a: Breathe Dispelling Energy


You were on level 9 of the Dungeon.
You visited 2 branches of the dungeon, and saw 10 of its levels.

You collected 362 gold pieces.
You spent 22 gold pieces at shops.

Inventory:

Hand Weapons
 b - a +0 dagger
 o - a +4 spectral club (weapon)
 D - a +4 scimitar of flaming
Missiles
 a - a throwing net
 e - 20 stones (quivered)
Magical Staves
 t - a staff of fire
Jewellery
 y - a ring of wizardry (left hand)
 A - a ring of ice
 E - a ring of positive energy
Wands
 p - a wand of paralysis (14)
 w - a wand of mindburst (11)
Scrolls
 d - a scroll of teleportation
 g - 5 scrolls of brand weapon
 l - a scroll of enchant armour
 m - 2 scrolls of fear
 n - a scroll of blinking
 q - 4 scrolls of enchant weapon
 r - 2 scrolls of immolation {unknown}
 s - 2 scrolls of vulnerability {unknown}
 u - 2 scrolls of magic mapping {unknown}
 v - a scroll of summoning {unknown}
 C - a scroll of fog {unknown}
Potions
 c - 2 potions of invisibility
 f - 2 potions of heal wounds
 h - a potion of flight {unknown}
 i - a potion of resistance {unknown}
 j - a potion of berserk rage {unknown}
 k - 2 potions of haste {unknown}
 x - a potion of ambrosia {unknown}
 z - a potion of magic
 B - a potion of degeneration {unknown}


   Skills:
 + Level 2.9 Fighting
 - Level 2.0 Dodging
 - Level 2.1 Stealth
 + Level 12.2 Spellcasting
 + Level 2.6 Conjurations
 + Level 11.7 Ice Magic
 + Level 2.6 Air Magic


You had 26 spell levels left.
You knew the following spells:

 Your Spells              Type           Power      Damage    Failure   Level
a - Freeze                Ice            100%       1d11      1%          1
b - Frozen Ramparts       Ice            100%       1d16      1%          3
c - Ozocubu's Armour      Ice            56%        N/A       1%          3

Your spell library contained the following spells:

 Spells                   Type           Power      Damage    Failure   Level
 Hailstorm                Conj/Ice       41%        3d10      1%          4
 Beastly Appendage        Tmut           24%        N/A       2%          1
 Blink                    Tloc           24%        N/A       3%          2
 Wereblood                Tmut           12%        N/A       3%          2
 Metabolic Englaciation   Hex/Ice        17%        N/A       6%          5
 Lesser Beckoning         Tloc           12%        N/A       7%          3
 Spider Form              Tmut/Pois      12%        N/A       7%          3
 Airstrike                Air            11%        2d(2-18)  8%          4
 Summon Lightning Spire   Summ/Air       17%        N/A       13%         4
 Lightning Bolt           Conj/Air       11%        1d24      21%         5
 Manifold Assault         Tloc           12%        N/A       22%         4
 Simulacrum               Ice/Necr       17%        N/A       28%         6


Dungeon Overview and Level Annotations

Branches:
Dungeon (9/15)             Temple (1/1) D:5
   Lair: D:8-11         Orc: D:9-12

Altars:
Ashenzari
Elyvilon
Gozag
Okawaru
Ru
Trog
Vehumet
Yredelemnul
The Shining One

Shops:
D:1 ?   D:8 :

Annotations:
D:5 1 runed translucent door, MisterAzrael's ghost, amateur DEVM
D:7 2 runed translucent doors


Innate Abilities, Weirdness & Mutations

You can breathe bolts of dispelling energy.
Your rich purple scales are hard. (AC +7)
You cannot fit into any form of body armour.
You are cold-blooded and may be slowed by cold attacks.


Message History

Casting: Freeze (safe; 1% risk of failure)
Confirm with . or Enter, or press ? or * to list all spells.
Aiming: Freeze (safe; 1% risk of failure)
Press: ? - help, Shift-Dir - straight line You freeze something.
Something hits you!
* * * LOW HITPOINT WARNING * * *
Something burns you.
* * * LOW HITPOINT WARNING * * *
Casting: Freeze (safe; 1% risk of failure)
Confirm with . or Enter, or press ? or * to list all spells.
Aiming: Freeze (safe; 1% risk of failure)
Press: ? - help, Shift-Dir - straight line You freeze something!
Reactivating autopickup.
You feel a bit more experienced.
You start resting.
The frozen ramparts melt away.
Items here: ) [[ †.
D - a +4 scimitar of flaming You see here a +0 shortbow.
m - 2 scrolls of fear (gained 1)
You hear the steady creaking of a very distant portcullis.
E - a ring of positive energy
Found a scroll labelled TOCACEWK NOBYGUAF.
Found an escape hatch in the ceiling and an escape hatch in the floor.
A two-headed ogre comes into view.
It is wielding a +0 giant spiked club and a +0 giant club.
The two-headed ogre shouts in stereo!
You see here a scroll labelled TOCACEWK NOBYGUAF.
Casting: Freeze (safe; 1% risk of failure)
Confirm with . or Enter, or press ? or * to list all spells.
A film of ice covers your body!
Casting: Ozocubu's Armour (safe; 1% risk of failure)
Confirm with . or Enter, or press ? or * to list all spells.
Casting: Frozen Ramparts (safe; 1% risk of failure)
Press: ? - help, Dir - look around, f - activate The walls around you are covered in ice.
The wall freezes the two-headed ogre.
The two-headed ogre hits you with a +0 giant spiked club!!
* * * LOW HITPOINT WARNING * * *
The two-headed ogre hits you with a +0 giant club.
You die...

#.........<..>######).#####.
#.............# #........
#.............# #........
#.............#### #........
#................. .........
#.....................O.....
#.............######<.......
#.............# #........
#............@# #........
#............O# #........
#.............####
#..................
#..................
#.............#####
#.<.?.........#
#.............#
#...>.........#


You could see a two-headed ogre.

Vanquished Creatures
  Erica (D:9)
  2 two-headed ogres (D:9)
  A kobold demonologist (D:8)
  Grinder (D:6)
  6 yaks (D:8)
  A steam dragon (D:9)
  An acid dragon (D:5)
  3 water moccasins
  An orc warrior (D:7)
  2 sky beasts
  3 black bears
  2 ice beasts (D:7)
  A phantom (D:5)
  A kobold brigand (D:6)
  Blork the orc (D:6)
  5 bullfrogs
  5 scorpions
  10 killer bees
  2 howler monkeys
  2 jellies (D:5)
  2 orc priests
  6 hounds
  A gnoll bouda (D:8)
  An iguana (D:5)
  8 orc wizards
  Ijyb (D:3)
  Robin (D:1)
  5 gnolls (D:8)
  11 adders
  A shadow imp (D:6)
  A white imp (D:7)
  An ufetubus (D:6)
  2 worms
  A dart slug (D:2)
  25 orcs
  2 endoplasms
  4 giant cockroaches
  19 goblins
  10 hobgoblins
  9 jackals
  6 kobolds
  4 quokkas
  6 ball pythons
  3 bats
  2 frilled lizards
  3 rats (D:2)
186 creatures vanquished.

Vanquished Creatures (others)
  A centaur (D:9)
1 creature vanquished.

Grand Total: 187 creatures vanquished

Notes
Turn   | Place    | Note
-------+----------+-------------------------------------------
     0 | D:1      | juncz the Draconian Ice Elementalist began the quest for
                  | the Orb.
     0 | D:1      | Reached XP level 1. HP: 14/14 MP: 3/3
   303 | D:1      | Found Isiss's Magic Scroll Shop.
   317 | D:1      | Bought a scroll of identify for 22 gold pieces
   397 | D:1      | Reached XP level 2. HP: 12/20 MP: 0/5
   739 | D:1      | Found a faded altar of an unknown god.
  1135 | D:2      | Reached XP level 3. HP: 26/26 MP: 3/6
  1388 | D:2      | Learned a level 3 spell: Frozen Ramparts
  1392 | D:2      | Learned a level 3 spell: Ozocubu's Armour
  1630 | D:2      | Noticed Robin
  1836 | D:1      | Killed Robin
  2651 | D:2      | Reached skill level 3 in Spellcasting
  2651 | D:2      | Reached XP level 4. HP: 33/33 MP: 3/8
  2722 | D:2      | Found an iron altar of Okawaru.
  3187 | D:2      | Reached skill level 5 in Ice Magic
  3610 | D:3      | Identified the +2 ring mail of Jaeff {Will+}
  3998 | D:3      | Noticed Ijyb
  4022 | D:3      | Killed Ijyb
  4023 | D:3      | Reached XP level 5. HP: 16/38 MP: 3/10
  4733 | D:4      | Noticed a black bear
  4740 | D:4      | Killed a black bear
  4741 | D:4      | Reached skill level 4 in Spellcasting
  4741 | D:4      | Reached XP level 6. HP: 43/45 MP: 2/12
  5440 | D:4      | Reached skill level 5 in Spellcasting
  5622 | D:4      | Your scales start taking on a rich purple colour.
  5622 | D:4      | Reached skill level 6 in Spellcasting
  5622 | D:4      | Reached XP level 7. HP: 50/50 MP: 9/16
  5950 | D:5      | Entered Level 5 of the Dungeon
  6031 | D:5      | Found a runed translucent door.
  6032 | D:5      | Noticed MisterAzrael's ghost (amateur DEVM)
  6226 | D:5      | Reached skill level 7 in Spellcasting
  6449 | D:5      | Found a staircase to the Ecumenical Temple.
  6458 | Temple   | Entered the Ecumenical Temple
  6695 | D:5      | Reached XP level 8. HP: 57/57 MP: 19/19
  7205 | D:6      | Reached skill level 8 in Spellcasting
  7746 | D:6      | Noticed Grinder
  7758 | D:6      | Killed Grinder
  7759 | D:6      | Reached skill level 9 in Spellcasting
  8152 | D:6      | Noticed Blork the orc
  8163 | D:6      | Killed Blork the orc
  8164 | D:6      | Reached XP level 9. HP: 54/62 MP: 16/22
  9266 | D:7      | Reached skill level 10 in Spellcasting
  9315 | D:7      | Reached skill level 10 in Ice Magic
  9348 | D:7      | Found a large runed translucent door.
  9348 | D:7      | Found a large runed translucent door.
  9494 | D:7      | Found a broken altar of Ashenzari.
  9588 | D:8      | Noticed a kobold demonologist
  9594 | D:8      | Killed a kobold demonologist
  9595 | D:8      | Reached skill level 11 in Spellcasting
  9609 | D:8      | Found Reogoh's Book Shop.
  9827 | D:8      | Reached XP level 10. HP: 53/69 MP: 10/25
 10041 | D:9      | Noticed a two-headed ogre
 10055 | D:9      | Killed a two-headed ogre
 10056 | D:9      | Reached skill level 1 in Fighting
 10056 | D:9      | Reached skill level 1 in Conjurations
 10056 | D:9      | Reached skill level 1 in Air Magic
 10056 | D:9      | Noticed a two-headed ogre
 10075 | D:9      | Killed a two-headed ogre
 10076 | D:9      | Reached skill level 12 in Spellcasting
 10109 | D:9      | Noticed Erica
 10127 | D:9      | Killed Erica
 10155 | D:9      | Noticed a two-headed ogre
 10167 | D:9      | HP: 3/75 [two-headed ogre/+0 giant spiked club (19)]
 10167 | D:9      | Slain by a two-headed ogre

Illustrated notes

Levels and vault maps discovered:
D:1:      roderic_crossed_star, layout_rooms, chequers_ecumenical_altar_island,
          serial_shops, shop_fountains
D:2:      layout_loops_corners, basic_altar, uniq_robin
D:3:      layout_basic, minivault_4, uniq_ijyb
D:4:      layout_basic, hangedman_glass_teeth
D:5:      layout_loops_ring, minmay_temple_entry_hall,
          hellmonk_ghost_happy_afterlife
D:6:      layout_layer_cave, grunt_ministairs_1, uniq_grinder,
          uniq_blork_the_orc
D:7:      layout_gridville, ashenzari_altar_1,
          beargit_hepliaklqana_dungeon_heroes, minitemple,
          jmf_multi_god_temple2, minmay_bent
D:8:      layout_rooms, serial_shops, shop
D:9:      layout_small_grid, kennysheep_mini_moat, general_overflow_altar,
          lair_entry_dummy, enter_bailey_5, uniq_erica
Temple:   hellmonk_temple_two_chambers

Skill      XL: |  1  2  3  4  5  6  7  8  9 10 |
---------------+-------------------------------+-----
Stealth        | 2 |  2.1
Dodging        | 2 |  2.0
Spellcasting   | 3 4 6 7 9 11 12 | 12.2
Ice Magic      | 5 6 7 9 10 11 | 11.7
Fighting       | 2 |  2.9
Conjurations   | 2 |  2.6
Air Magic      | 2 |  2.6

Action                   |  1- 3 |  4- 6 |  7- 9 | 10-12 || total
-------------------------+-------+-------+-------+-------++-------
Melee: Dagger            |    21 |     3 |       |       ||    24
       Tailslap          |     2 |     1 |     1 |       ||     4
       Club              |       |     2 |     1 |     2 ||     5
Throw: Stone             |       |    13 |    16 |       ||    29
 Cast: Freeze            |    38 |    45 |    92 |    28 ||   203
       Frozen Ramparts   |     9 |    34 |    50 |     5 ||    98
       Ozocubu's Armour  |     2 |     8 |    22 |     4 ||    36
Evoke: Wand              |       |       |    22 |       ||    22
  Use: Scroll            |     2 |     3 |     1 |     2 ||     8
       Potion            |     1 |     2 |       |     1 ||     4
Armor: Skin              |    32 |    16 |    43 |    12 ||   103
Dodge: Dodged            |    52 |    25 |    55 |    31 ||   163

Table legend: (Time is in decaauts)
 A = Elapsed time spent in this place.
 B = Non-inter-level travel time spent in this place.
 C = Inter-level travel time spent in this place.
 D = Time resting spent in this place.
 E = Time spent auto-exploring this place.
 F = Levels seen in this place.
 G = Mean time per level.
                   A        B        C        D        E       F      G
               +--------+--------+--------+--------+--------+-----+--------+
         Total |  10173 |   9918 |    255 |   2583 |   5770 |  10 | 1017.3 |
       Dungeon |  10151 |   9896 |    255 |   2583 |   5759 |   9 | 1127.9 |
        Temple |     21 |     21 |      0 |      0 |     11 |   1 |   21.0 |
               +--------+--------+--------+--------+--------+-----+--------+

Top non-repeatable levels by time:
     D:2: 2013 daAuts
     D:6: 1632 daAuts
     D:1: 1420 daAuts
     D:4: 1290 daAuts
     D:3: 1230 daAuts
     D:5: 1225 daAuts
     D:7: 756 daAuts
     D:8: 302 daAuts
     D:9: 280 daAuts
  Temple: 21 daAuts
